 Dungeon Crawl Stone Soup version 0.29-a0-214-g17f627cfee (webtiles) character file.

Game seed: 15524867193599396892

10970 iguanaiguana the Geomancer (level 11, -4/123 HPs)
             Began as a Palentonga Warper on Feb 24, 2022.
             Was an Elder of Cheibriados.
             Slain by Urug
             ... wielding a +6 broad axe
              (21 damage)
             ... on level 2 of the Lair of Beasts on Feb 25, 2022.
             The game lasted 01:28:15 (12649 turns).

iguanaiguana the Geomancer (Palentonga Warper)     Turns: 12649, Time: 01:28:15

Health: -4/123     AC: 25    Str: 26    XL:     11   Next: 43%
Magic:  13/15      EV:  1    Int: 29    God:    Cheibriados [****..]
Gold:   295        SH:  6    Dex: 21    Spells: 4/15 levels left

rFire   . . .      SeeInvis +   y - +7 hand axe of Extermination {venom, rC++ Int+4}
rCold   + + .      Faith    .   G - +0 buckler
rNeg    . . .      Spirit   .   (body armour currently unavailable)
rPois   +          Reflect  .   (helmet currently unavailable)
rElec   .          Harm     .   (cloak currently unavailable)
rCorr   .          Rampage  .   (gloves currently unavailable)
Will    .....      NoTele   +   (no barding)
Stlth   ++........              n - amulet of regeneration
HPRegen 1.10/turn               e - ring of poison resistance
MPRegen 0.14/turn               h - +4 ring of evasion

@: tree-form, very slow
A: stationary, stasis, torment immunity, boosted hp, large, rugged brown scales
3, see invisible, (deformed body), (roll 1), (armoured tail), (reflexive curl)
a: Renounce Religion, Bend Time, Temporal Distortion, Slouch


You were on level 2 of the Lair of Beasts.
You worshipped Cheibriados.
Cheibriados was greatly pleased with you.
You were a tree.
You visited 3 branches of the dungeon, and saw 13 of its levels.
You also visited: Sewer and Volcano.

You collected 894 gold pieces.
You spent 599 gold pieces at shops.

Inventory:

Hand Weapons
 a - a +0 mace
 y - the +7 hand axe of Extermination (weapon) {venom, rC++ Int+4}
   (You took it off an orc on level 2 of the Dungeon)

   It poisons the flesh of those it strikes.
   Int:       It affects your intelligence (+4).
   rC:        It greatly protects you from cold.
 A - a +1 dire flail of holy wrath
Missiles
 d - 3 boomerangs of dispersal
 i - 32 poisoned darts (quivered)
 K - 13 boomerangs
Armour
 p - a +0 cloak (melded)
 v - a +2 helmet (melded)
 F - a +0 pair of gloves (melded)
 G - a +0 buckler (worn)
 U - a +3 leather armour of fire resistance (melded)
Magical Staves
 j - a staff of air
 t - a staff of fire
Jewellery
 e - a ring of poison resistance (left branch)
 h - a +4 ring of evasion (right branch)
 n - an amulet of regeneration (around neck)
 z - a ring of protection from cold
 H - an amulet of faith
 R - a ring of ice
Wands
 f - a wand of paralysis (8)
 J - a wand of flame (24)
 O - a wand of charming (7)
 Q - a wand of mindburst (9)
 S - a wand of polymorph (3)
Scrolls
 b - 2 scrolls of magic mapping {@r5}
 c - 3 scrolls of blinking {@r4}
 g - a scroll of summoning
 l - 7 scrolls of teleportation {@r3}
 m - a scroll of amnesia
 C - 2 scrolls of fog
 E - a scroll of vulnerability
 I - 2 scrolls of enchant armour
 M - a scroll of immolation
Potions
 k - 2 potions of magic
 o - 4 potions of mutation
 q - 5 potions of curing {@q1}
 r - 5 potions of flight
 s - 4 potions of degeneration {unknown}
 u - a potion of berserk rage {unknown}
 w - 2 potions of cancellation {unknown}
 x - 2 potions of attraction {unknown}
 B - a potion of might {@q3}
 D - 3 potions of lignification
 L - 3 potions of heal wounds {unknown}
 N - a potion of brilliance {unknown}
 P - a potion of haste {unknown}
 W - 2 potions of resistance {unknown}
Miscellaneous
 T - a box of beasts
 V - a condenser vane


   Skills:
 + Level 4.1 Fighting
 - Level 9.6(10.1) Axes
 - Level 4.6(8.0) Maces & Flails
 - Level 3.0(4.2) Staves
 + Level 1.3 Throwing
 + Level 1.8 Armour
 + Level 3.0 Dodging
 + Level 1.2 Stealth
 + Level 3.2 Shields
 * Level 0.9 Unarmed Combat
 + Level 2.6 Spellcasting
 - Level 5.2 Translocations
 * Level 2.0 Transmutations
 - Level 12.1 Earth Magic
 * Level 4.9 Invocations
 + Level 2.7 Evocations


You had 4 spell levels left.
You knew the following spells:

 Your Spells              Type           Power      Damage    Failure   Level
a - Blink                 Tloc           68%        N/A       1%          2
b - Lee's Rapid Deconstr  Erth           32%        3d18*     1%          5
c - Petrify               Tmut/Erth      44%        N/A       5%          4

Your spell library contained the following spells:

 Spells                   Type           Power      Damage    Failure   Level
 Gell's Gravitas          Tloc           34%        N/A       3%          3
 Lesser Beckoning         Tloc           34%        N/A       3%          3
 Teleport Other           Tloc           34%        N/A       3%          3
 Beastly Appendage        Tmut           30%        N/A       4%          1
 Wereblood                Tmut           15%        N/A       6%          2
 Leda's Liquefaction      Hex/Erth       19%        N/A       9%          4
 Shock                    Conj/Air       12%        1d3       10%         1
 Ensorcelled Hibernation  Hex/Ice        6%         N/A       16%         2
 Sublimation of Blood     Necr           3%         N/A       16%         2
 Spider Form              Tmut/Pois      9%         N/A       19%         3
 Ignite Poison            Fire/Tmut/Pois 7%         N/A       22%         3
 Mephitic Cloud           Conj/Pois/Air  3%         N/A       30%         3
 Swiftness                Air            3%         N/A       30%         3
 Airstrike                Air            1%         N/A       69%         4
 Anguish                  Hex/Necr       1%         N/A       69%         4
 Manifold Assault         Tloc           34%        N/A       30%         5
 Statue Form              Tmut/Erth      29%        N/A       63%         6
 Irradiate                Conj/Tmut      4%         3d14      87%         5
 Freezing Cloud           Conj/Ice/Air   1%         6-21      95%         5
 Simulacrum               Ice/Necr       1%         N/A       100%        6
 Polar Vortex             Ice            1%         N/A       100%        9


Dungeon Overview and Level Annotations

Branches:
Dungeon (10/15)            Temple (1/1) D:4            Lair (2/6) D:9
  Sewer (visited)         Volcano (visited)
  Swamp: Lair:2-4    Shoals: Lair:2-4     Snake: Lair:2-4    Spider: Lair:2-4
    Orc: D:9-12

Altars:
Ashenzari
Cheibriados
Dithmenos
Makhleb
Qazlal
Sif Muna

Shops:
D:3 =   D:5 **   D:6 =   D:10 ?

Annotations:
D:3 exclusion: downstairs
D:8 exclusion: door
Lair:2 Urug


Innate Abilities, Weirdness & Mutations

You are a tree.
Your roots penetrate the ground, keeping you stationary.
You cannot be teleported.
You are immune to unholy pain and torment.
Your maximum health is greatly increased.
Your equipment is partially melded.
(You are completely covered in rugged brown scales. (AC +3, +7% HP))
You have supernaturally acute eyesight. (SInv)
((Armour fits poorly on your strangely shaped body.))
((You can roll at nearby foes to attack.))
((You have a long armoured tail.))
((You curl defensively after being hit. (AC +7*)))


Message History

You slash Urug!
Urug is poisoned.
Urug is moderately wounded.
Urug hits you with a +6 broad axe!!
You barely miss Urug.
Urug is moderately wounded.
Urug hits you with a +6 broad axe!!
* * * LOW HITPOINT WARNING * * *
The flow of time bends around you.
Cheibriados rebukes Urug.
Urug seems to slow down.
Urug hits you with a +6 broad axe!!
* * * LOW HITPOINT WARNING * * *
Really quaff the potion of lignification?
You turn into a tree.
Your +0 cloak melds into your body.
Your +2 helmet melds into your body.
Your +0 pair of gloves melds into your body.
Your +3 leather armour of fire resistance melds into your body.
You feel less resistant to fire.
Your roots penetrate the ground.
You hit Urug but do no damage.
Urug is moderately wounded.
Urug completely misses you.
You closely miss Urug.
Urug is moderately wounded.
You hit Urug but do no damage.
Urug looks as sick as possible!
Urug is moderately wounded.
Urug hits you but does no damage.
You hit Urug.
Urug looks as sick as possible!
Urug is moderately wounded.
Urug barely misses you.
You barely miss Urug.
Urug is moderately wounded.
You hit Urug.
Urug looks as sick as possible!
Urug is moderately wounded.
Urug hits you with a +6 broad axe!!
* * * LOW HITPOINT WARNING * * *
As you read the scroll of summoning, it crumbles to dust.
Wisps of shadow whirl around you...
You barely miss Urug.
Urug is heavily wounded.
Urug hits you with a +6 broad axe!!
You die...

# #....#..P## #. #
##..#...##
#.######.P....###
#........>......
#.#..##P.###..#.
#............##
.#...##P......#
............ll#
.#...##.P.###♣#
.... #.##.# #.o#
P#. ... ......Y!.
#...###..##..Y≈Y≈≈
#.. ####...≈≈≈≈≈..
#. P..≈≈≈≈≈≈.. #
..≈≈≈≈≈≈≈..
##.≈≈≈≈≈≈...


You could see Urug (extremely poisoned, slow, ally target), a friendly komodo
dragon (summoned), 3 friendly yaks and a friendly basilisk (summoned).

Vanquished Creatures
  A red draconian (Volcano)
  4 kobold demonologists (D:6)
  A cane toad (Lair:1)
  A komodo dragon (Lair:1)
  2 yaktaurs (Volcano)
  A troll (D:9)
  A polar bear (Lair:1)
  A hornet (D:8)
  A wraith (D:10)
  Eustachio (D:5)
  5 yaks (D:9)
  5 wyverns
  A vampire mosquito (D:6)
  Edmund (D:4)
  An acid dragon (D:6)
  3 water moccasins
  Duvessa (D:6)
  2 ice beasts
  6 orc warriors
  A black bear (D:7)
  An ogre (D:4)
  12 centaurs
  3 kobold brigands
  3 bullfrogs (Lair:1)
  2 scorpions (D:5)
  A gnoll sergeant (D:5)
  Dowan (D:6)
  11 killer bees
  8 wights (D:7)
  3 howler monkeys
  A bullfrog zombie (D:7)
  4 orc priests
  A centaur skeleton (D:6)
  A gnoll shaman (D:10)
  3 hounds
  A centaur zombie (D:5)
  2 bullfrog skeletons
  Jessica (D:3)
  An iguana (D:6)
  7 orc wizards
  Natasha (thrice) (D:2)
  A merfolk siren (Sewer)
  A merfolk avatar (Sewer)
  A hound zombie (D:5)
  12 gnolls
  A howler monkey skeleton (D:7)
  12 adders
  5 river rats
  A white imp (D:8)
  2 ufetubi
  2 worms (D:5)
  7 dart slugs
  31 orcs
  8 ball pythons
  A bat (D:1)
  6 endoplasms
  4 giant cockroaches
  14 hobgoblins
  9 jackals
  11 kobolds
  4 quokkas
  9 frilled lizards
  6 goblins
  27 rats
285 creatures vanquished.

Vanquished Creatures (others)
  A centaur warrior (Volcano)
  A goblin (D:3)
  9 fungi
  8 plants
19 creatures vanquished.

Grand Total: 304 creatures vanquished

Notes
Turn   | Place    | Note
-------+----------+-------------------------------------------
     0 | D:1      | iguanaiguana the Palentonga Warper began the quest for the
                  | Orb.
     0 | D:1      | Reached XP level 1. HP: 17/17 MP: 3/3
   149 | D:1      | Reached XP level 2. HP: 23/23 MP: 5/5
   191 | D:1      | Learned a level 2 spell: Blink
   700 | D:1      | Reached XP level 3. HP: 26/29 MP: 6/6
  1010 | D:1      | You fall into a shaft and drop 1 floor!
  1098 | D:1      | Found a faded altar of an unknown god.
  1219 | D:2      | Noticed Natasha
  1226 | D:2      | Killed Natasha
  1227 | D:2      | Reached XP level 4. HP: 23/36 MP: 7/7
  1318 | D:2      | Noticed Natasha
  1325 | D:2      | Killed Natasha
  1569 | D:2      | Noticed Natasha
  1575 | D:2      | Killed Natasha
  1860 | D:2      | Reached XP level 5. HP: 42/43 MP: 8/8
  2043 | D:3      | Noticed Jessica
  2044 | D:3      | Found Puakeni's Jewellery Boutique.
  2046 | D:3      | Killed Jessica
  2227 | D:2      | Upgraded the game from 0.29-a0-207-gf982a884d8 to
                  | 0.29-a0-214-g17f627cfee
  2639 | D:3      | Reached XP level 6. HP: 50/50 MP: 9/9
  2656 | D:3      | Identified the +7 hand axe of Extermination {venom, rC++
                  | Int+4}
  2883 | D:3      | Reached skill level 1 in Axes
  3282 | D:4      | Found a staircase to the Ecumenical Temple.
  3291 | Temple   | Entered the Ecumenical Temple
  3298 | Temple   | Became a worshipper of Cheibriados the Contemplative
  3556 | D:4      | Noticed Edmund
  3565 | D:4      | Killed Edmund
  3566 | D:4      | Gained mutation: You curl defensively after being hit. (AC
                  | +7*) [Palentonga growth]
  3566 | D:4      | Reached XP level 7. HP: 55/55 MP: 10/10
  3777 | D:5      | Entered Level 5 of the Dungeon
  3838 | D:5      | Reached skill level 5 in Axes
  3863 | D:5      | Found a glowing drain.
  3869 | Sewer    | Entered a sewer
  3915 | Sewer    | Reached * piety under Cheibriados
  4062 | Sewer    | Reached ** piety under Cheibriados
  4301 | D:5      | Noticed a wyvern
  4306 | D:5      | Killed a wyvern
  4392 | D:5      | Reached XP level 8. HP: 48/62 MP: 11/11
  4647 | D:5      | Found Vudon's Specific Store.
  4650 | D:5      | Found Geucvi Doll's General Store.
  4653 | D:5      | Noticed Eustachio
  4661 | D:5      | Killed Eustachio
  4673 | D:5      | Bought a scroll of fog for 20 gold pieces
  4673 | D:5      | Bought a potion of lignification for 30 gold pieces
  4673 | D:5      | Bought a scroll of vulnerability for 75 gold pieces
  4673 | D:5      | Bought a wand of paralysis (7) for 90 gold pieces
  4673 | D:5      | Bought a scroll of teleportation for 30 gold pieces
  5016 | D:6      | Noticed Dowan
  5019 | D:6      | Noticed Duvessa
  5044 | D:6      | Killed Duvessa
  5045 | D:6      | Reached skill level 1 in Invocations
  5049 | D:6      | Killed Dowan
  5053 | D:6      | Reached skill level 1 in Shields
  5225 | D:6      | Noticed a kobold demonologist
  5225 | D:6      | Noticed a kobold demonologist
  5225 | D:6      | Noticed a kobold demonologist
  5225 | D:6      | Noticed a kobold demonologist
  5227 | D:6      | Noticed an orange demon
  5227 | D:6      | Noticed a red devil
  5228 | D:6      | Noticed a rust devil
  5233 | D:6      | Reached skill level 1 in Staves
  5233 | D:6      | Killed a kobold demonologist
  5234 | D:6      | Reached skill level 1 in Evocations
  5234 | D:6      | Reached XP level 9. HP: 59/68 MP: 12/12
  5360 | D:6      | Reached *** piety under Cheibriados
  5439 | D:6      | Noticed an orange demon
  5442 | D:6      | Noticed a hellwing
  5444 | D:6      | Killed a kobold demonologist
  5451 | D:6      | Killed a kobold demonologist
  5453 | D:6      | Killed a kobold demonologist
  5454 | D:6      | Reached skill level 5 in Translocations
  5641 | D:6      | Reached skill level 1 in Armour
  5821 | D:6      | Found Fugaod's Jewellery Boutique.
  6171 | D:7      | Reached **** piety under Cheibriados
  6172 | D:7      | Reached skill level 1 in Throwing
  6313 | D:7      | Reached XP level 10. HP: 70/75 MP: 13/13
  7221 | D:8      | Reached skill level 1 in Stealth
  7441 | D:8      | Noticed a catoblepas
  7443 | D:8      | Noticed a centaur warrior
  7658 | D:8      | Reached skill level 1 in Earth Magic
  7733 | D:8      | Paralysed by a hornet for 1 turns
  7738 | D:8      | Reached ***** piety under Cheibriados
  7739 | D:8      | Reached skill level 1 in Transmutations
  7739 | D:8      | Reached skill level 2 in Earth Magic
  8300 | D:9      | Found a staircase to the Lair.
  8333 | D:9      | Reached skill level 3 in Earth Magic
  8378 | D:9      | Found a broken altar of Ashenzari.
  8582 | D:9      | Reached skill level 4 in Earth Magic
  8637 | D:9      | Reached skill level 5 in Earth Magic
  8704 | D:9      | Reached skill level 6 in Earth Magic
  8711 | D:9      | Learned a level 5 spell: Lee's Rapid Deconstruction
  8835 | D:9      | Reached skill level 7 in Earth Magic
  8839 | D:9      | Reached skill level 8 in Earth Magic
  9319 | D:9      | Found a shimmering blue altar of Sif Muna.
  9324 | D:9      | Found a shadowy altar of Dithmenos.
  9387 | D:10     | Entered Level 10 of the Dungeon
  9531 | D:10     | Reached skill level 9 in Earth Magic
 10113 | D:10     | Reached skill level 10 in Earth Magic
 10518 | D:10     | Found Hiyson's Magic Scroll Emporium.
 10525 | D:10     | Bought a scroll of teleportation for 36 gold pieces
 10525 | D:10     | Bought a scroll of summoning for 114 gold pieces
 10525 | D:10     | Bought a scroll of blinking for 90 gold pieces
 10525 | D:10     | Bought a scroll of summoning for 114 gold pieces
 10583 | D:10     | Reached XP level 11. HP: 79/82 MP: 14/14
 10707 | Lair:1   | Entered Level 1 of the Lair of Beasts
 10970 | Lair:1   | Found a dark tunnel.
 11039 | Volcano  | Entered a volcano
 11060 | Volcano  | Noticed a centaur warrior
 11067 | Volcano  | Killed a centaur warrior
 11068 | Volcano  | Reached skill level 11 in Earth Magic
 11337 | Volcano  | Noticed a red draconian
 11348 | Volcano  | Killed a red draconian
 11348 | Volcano  | Reached ****** piety under Cheibriados
 11349 | Volcano  | Reached skill level 12 in Earth Magic
 11495 | Volcano  | Learned a level 4 spell: Petrify
 12323 | Lair:1   | Found a burning altar of Makhleb.
 12631 | Lair:2   | Noticed Urug
 12649 | Lair:2   | Slain by Urug

Illustrated notes

Levels and vault maps discovered:
D:1:      matt_arrival_refuge, layout_loops_ring,
          shapermc_ecumenical_altar_mp_highgroup, minmay_hexomino_p4
D:2:      layout_loops_ring, uniq_natasha
D:3:      layout_rooms, serial_shops, nicolae_diamond_shop,
          grunt_decor_mini_mirrors, corexii_hall_statues_u,
          kennysheep_crisscross, uniq_jessica
D:4:      layout_gridville, minmay_temple_entry_drinking_statues,
          serial_park_tiny_1, uniq_edmund
D:5:      layout_basic, lightli_sewer_entry_pipes, nicolae_specific_store,
          uniq_eustachio
D:6:      layout_gridville, serial_shops, kennysheep_little_box,
          minmay_three_doors, uniq_duvessa
D:7:      layout_cave_pods
D:8:      layout_loops_corners, minmay_evil_grid
D:9:      layout_irregular_city, mainiacjoe_overflow_big_doors,
          nicolae_overflow_hidden_temple, dpeg_oklobed_lair, nrook_mini_vaults,
          lemuel_old_faithful
D:10:     layout_basic, special_room [special_room_orc], serial_shops, shop
Temple:   minmay_crystal_spiral_temple
Lair:1:   layout_regular_city, nicolae_volcano_entry_s_turn,
          grunt_forest_stairs_basic, lemuel_centaur_altar
Lair:2:   layout_loops_ring, swamp_mist, grunt_megastairs_4,
          infiniplex_staircase_pool, uniq_sonja, uniq_urug, uniq_nergalle

Skill      XL: |  1  2  3  4  5  6  7  8  9 10 11 |
---------------+----------------------------------+-----
Maces & Flails | 3 4 |  4.6
Fighting       | 3 4 |  4.1
Translocations | 4 5 |  5.2
Axes           | 4 6 8 9 |  9.6
Invocations    | 2 4 |  4.9
Shields        | 1 3 |  3.2
Staves         | 1 2 3 |  3.0
Dodging        | 2 3 |  3.0
Evocations     | 1 2 |  2.7
Armour         | 1 |  1.8
Throwing       | 1 |  1.3
Stealth        | 1 |  1.2
Earth Magic    | 10 12 | 12.1
Transmutations | 1 2 |  2.0
Unarmed Combat | |  0.9
Spellcasting   | |  2.6

Action                   |  1- 3 |  4- 6 |  7- 9 | 10-12 || total
-------------------------+-------+-------+-------+-------++-------
Melee: Mace              |    93 |   146 |       |       ||   239
       Tailslap          |    21 |    27 |    23 |    45 ||   116
       Punch             |       |     3 |     2 |       ||     5
       Hand axe          |       |    32 |   238 |   274 ||   544
       Dire flail        |       |       |     1 |       ||     1
       Staff             |       |       |       |     2 ||     2
Throw: Boomerang         |       |     1 |     1 |       ||     2
       Dart              |       |     3 |     1 |       ||     4
       Throwing net      |       |     1 |       |       ||     1
 Cast: Blink             |     2 |     3 |     2 |     3 ||    10
       Lee's Rapid Decon |       |       |       |     2 ||     2
Invok: Bend Time         |       |       |     2 |     3 ||     5
 Abil: Rolling Charge    |    23 |    22 |    41 |    45 ||   131
Evoke: Wand              |       |     2 |     3 |       ||     5
  Use: Scroll            |       |     4 |     5 |     7 ||    16
       Potion            |       |       |       |     4 ||     4
 Stab: Paralysed         |       |     7 |     2 |       ||     9
       Invisible         |       |       |       |    12 ||    12
Armor: Leather armour    |    24 |    34 |    85 |    59 ||   202
       Ring mail         |       |       |       |    13 ||    13
       Skin              |       |       |       |     1 ||     1
Dodge: Dodged            |    56 |   127 |   153 |   167 ||   503
Block: Buckler           |       |       |    37 |    78 ||   115

Table legend: (Time is in decaauts)
 A = Elapsed time spent in this place.
 B = Non-inter-level travel time spent in this place.
 C = Inter-level travel time spent in this place.
 D = Time resting spent in this place.
 E = Time spent auto-exploring this place.
 F = Levels seen in this place.
 G = Mean time per level.
                   A        B        C        D        E       F      G
               +--------+--------+--------+--------+--------+-----+--------+
         Total |  17031 |  15513 |   1518 |   1323 |  11268 |  15 | 1135.4 |
       Dungeon |  13826 |  12455 |   1371 |    944 |   9257 |  10 | 1382.6 |
        Temple |     16 |      3 |     13 |      0 |      0 |   1 |   16.0 |
          Lair |   1886 |   1753 |    133 |    120 |   1420 |   2 |  943.0 |
         Sewer |    540 |    540 |      0 |      0 |    255 |   1 |  540.0 |
       Volcano |    761 |    761 |      0 |    259 |    334 |   1 |  761.0 |
               +--------+--------+--------+--------+--------+-----+--------+

Top non-repeatable levels by time:
     D:9: 2230 daAuts
  Lair:1: 1809 daAuts
     D:8: 1715 daAuts
    D:10: 1591 daAuts
     D:7: 1589 daAuts
     D:6: 1504 daAuts
     D:1: 1169 daAuts
     D:5: 1122 daAuts
     D:2: 1036 daAuts
     D:3: 979 daAuts
     D:4: 887 daAuts
 Volcano: 761 daAuts
   Sewer: 540 daAuts
  Lair:2: 77 daAuts
  Temple: 16 daAuts
